Map: [ESL] Inside and Out

Players

PattyMac

  • Race: Protoss Protoss
  • Spawn Location: 7:00

Kelazhur - Winner!

  • Race: Terran Terran
  • Spawn Location: 1:00

Event: DreamHack SC2 Masters 2022 Valencia

VOD

Have the link to the VOD?

Description

Time

  • Played on: July 1, 2022, 9:41 a.m.
  • Length: 4:08

All games in this series

Show
View Real Time Build Order
Export as new Build Order

PattyMac Protoss 

Build Orders: 1 Gate Expand 

Get SALT Encoding   

  12  0:00  Probe  
  13  0:12  Probe  
  14  0:17  Pylon  
  14  0:24  Probe (Chrono Boost)  
  16  0:36  Probe (Chrono Boost), Gateway  
  16  0:43  Probe (Chrono Boost)  
  16  0:45  Assimilator  
  17  0:51  Probe  
  18  1:03  Probe  
  19  1:15  Probe  
  20  1:23  Nexus  
  20  1:28  Probe  
  21  1:32  Assimilator  
  21  1:40  Probe  
  21  1:42  Pylon  
  22  1:52  Probe  
  23  1:58  Cybernetics Core  
  23  2:04  Zealot (Chrono Boost)  
  23  2:05  Probe (Chrono Boost)  
  26  2:17  Probe (Chrono Boost)  
  27  2:23  Probe (Chrono Boost)  
  28  2:31  Probe  
  28  2:34  Adept (Chrono Boost)  
  29  2:39  Probe  
  29  2:43  Probe  
  31  2:51  Stargate  
  30  2:55  Probe  
  31  3:04  Probe (Chrono Boost)  
  31  3:10  Adept  
  31  3:11  Probe (Chrono Boost)  
  34  3:16  Probe (Chrono Boost)  
  36  3:22  Probe (Chrono Boost)  
  36  3:23  Probe (Chrono Boost)  
  37  3:28  Twilight Council  
  37  3:30  Robotics Facility  
  37  3:31  Probe x2  
  39  3:43  Probe  
  39  3:44  Probe  
  43  3:55  Probe  
  39  3:56  Probe  
  39  3:58  Shield Battery  
Show
View Real Time Build Order
Export as new Build Order

Kelazhur Terran - Winner!

Build Orders: Cyclone Opening 

Get SALT Encoding   

  12  0:00  SCV  
  13  0:12  SCV  
  14  0:17  Supply Depot  
  14  0:24  SCV  
  15  0:38  SCV  
  15  0:39  Barracks  
  16  0:43  Refinery  
  16  0:50  SCV  
  16  0:52  Refinery  
  17  1:02  SCV  
  18  1:07  Supply Depot  
  18  1:15  SCV  
  20  1:25  Reaper  
  20  1:27  Orbital Command  
  20  1:41  Factory  
  20  1:52  SCV  
  21  1:57  Barracks Reactor  
  21  2:04  SCV  
  22  2:14  Command Center  
  22  2:17  SCV  
  23  2:26  Factory Tech Lab  
  23  2:31  SCV  
  23  2:34  Marine x2  
  26  2:43  SCV  
  27  2:49  Cyclone  
  30  2:53  Marine  
  30  2:54  Supply Depot  
  31  3:07  Starport  
  31  3:15  Marine x2  
  31  3:16  SCV  
  34  3:24  Cyclone  
  37  3:27  Orbital Command  
  37  3:33  Marine x2  
  39  3:36  SCV  
  40  3:45  Supply Depot  
  42  3:48  SCV  
  42  3:55  SCV  

Tags
 
Add a new tag
Caveats
  • Supply blocks, unpowered buildings, or Contaminate may cause inaccurate times.
  • Supply counts are checked every 10 seconds.